 Seeded DCSS version 0.31-a0-303-gdc8c9485ea (webtiles) character file.

Game seed: 14215367866634240820 (custom seed)

8 innerfire43 the Trooper (level 2, 0/24 HPs)
             Began as a Demonspawn Monk on July 16, 2023.
             Slain by a jackal (1 damage)
             ... on level 1 of the Dungeon.
             The game lasted 00:00:11 (54 turns).

innerfire43 the Trooper (Demonspawn Monk)             Turns: 54, Time: 00:00:12

Health: 0/24       AC:  2    Str: 11    XL:     2   Next: 0%
Magic:  2/2        EV: 13    Int: 11    God:
Gold:   7          SH:  0    Dex: 15    Spells: 1/1 levels left

rFire   . . .        a - +0 hand axe
rCold   . . .        d - orb {light}
rNeg    . . .        b - +0 robe
rPois   .            (no helmet)
rElec   .            (no cloak)
rCorr   .            (no gloves)
SInv    .            (no boots)
Will    .....        (no amulet)
Stlth   +            (no ring)
HPRegen 0.24/turn    (no ring)
MPRegen 0.08/turn

%: no passive effects
@: glowing
A: demonic guardian 1
a: no special abilities


You were on level 1 of the Dungeon.
You visited 1 branch of the dungeon, and saw 1 of its levels.

You collected 7 gold pieces.

Inventory:

Hand Weapons
 a - a +0 hand axe (weapon)
Armour
 b - a +0 robe (worn)
 d - an orb of light (worn)
Scrolls
 e - a scroll of enchant weapon {unknown}


   Skills:
 + Level 3.1 Fighting
 * Level 2.9 Axes
 + Level 2.8 Dodging


You had one spell level left.
You didn't know any spells.
Your spell library was empty.

Dungeon Overview and Level Annotations

Branches:
Dungeon (1/15)

Altars:


Innate Abilities, Weirdness & Mutations

A weak demonic guardian rushes to your aid.


Message History

The quokka attacks as you move away! The quokka barely misses you.
The jackal attacks as you move away! The jackal misses you.
The jackal closely misses you. x2
You are confused.
You feel invigorated. The quokka bites you.
* * * LOW HITPOINT WARNING * * *
The jackal bites you.
* * * LOW HITPOINT WARNING * * *
The quokka completely misses you.
You hit the jackal.
You kill the jackal!
You closely miss the quokka. You hit the jackal but do no damage.
You closely miss the jackal. The jackal closely misses you.
The jackal barely misses you. The quokka bites you. The jackal bites you. x3
* * * LOW HITPOINT WARNING * * *
You hit the jackal.
You kill the jackal!
You hit the quokka but do no damage. You hit the jackal.
You barely miss the jackal.
You feel less invigorated.
You feel less confused. The jackal closely misses you.
The jackal completely misses you. The quokka misses you.
The jackal barely misses you. The jackal closely misses you.
The quokka misses you.
You hit the jackal.
You kill the jackal!
You hit the quokka but do no damage. You barely miss the goblin.
You barely miss the jackal. The jackal bites you.
The goblin hits you with a +0 club. The quokka closely misses you.
You have reached level 2!
Your demonic ancestry asserts itself...
You feel the presence of a demonic guardian.
The jackal closely misses you. The quokka closely misses you.
The goblin hits you but does no damage. The jackal bites you.
* * * LOW HITPOINT WARNING * * *
You see here a jackal corpse.
You hit the quokka but do no damage. You hit the goblin but do no damage.
You barely miss the jackal. The quokka bites you.
* * * LOW HITPOINT WARNING * * *
A demonic guardian appears!
The jackal bites you.
You die...

#. ####.##..### #.#
............
#.##............
#....~~~~≈~≈~~~~ . #
#....≈≈≈~≈≈≈≈≈≈≈ [. #.
#...(~~≈≈≈≈≈≈≈≈≈
###.#.###....~≈≈#+#'#≈≈≈
.......rh5...~≈≈+(..##'#
......)@.....≈≈≈+...#...
P.....#g##...~≈≈#'#'#.##
P.... #.##....~≈≈≈#...#.
..P. ..##..⌠..~≈~'.⌠.'.
♣.. ...##..⌠..≈~≈'.⌠.'.
♣. ....##....~≈≈≈#...#.
. ##...##...~~≈#+###.##
#........≈≈≈+ +...
.#....~≈≈+ ##+#


You could see a quokka, a jackal (ally target), a goblin and a friendly iron imp
(summoned).

Vanquished Creatures
  A ball python (D:1)
  A goblin (D:1)
  3 jackals (D:1)
  A frilled lizard (D:1)
  A rat (D:1)
7 creatures vanquished.

Notes
Turn   | Place    | Note
-------+----------+-------------------------------------------
     0 | D:1      | innerfire43 the Demonspawn Monk began the quest for the
                  | Orb.
     0 | D:1      | Reached XP level 1. HP: 18/18 MP: 1/1
    53 | D:1      | Gained mutation: A weak demonic guardian rushes to your
                  | aid. [demonic ancestry]
    53 | D:1      | Reached XP level 2. HP: 8/24 MP: 2/2
    54 | D:1      | HP: 1/24 [quokka (5)]
    54 | D:1      | Slain by a jackal

Illustrated notes

Levels and vault maps discovered:
D:1:      dpeg_arrival_castle, layout_basic, serial_forest,
          infiniplex_forest_straight_2, infiniplex_forest_straight_3,
          infiniplex_forest_clump_double, infiniplex_forest_lined_1,
          infiniplex_forest_clump_small, infiniplex_forest_straight_2,
          infiniplex_forest_lined_3_way

Action                     || total
---------------------------++-------
  Melee: Hand axe          ||    11
    Use: Potion            ||     1
 Armour: Robe              ||     3
  Dodge: Dodged            ||    24

Table legend: (Time is in decaauts)
 A = Elapsed time spent in this place.
 B = Non-inter-level travel time spent in this place.
 C = Inter-level travel time spent in this place.
 D = Time resting spent in this place.
 E = Time spent auto-exploring this place.
 F = Levels seen in this place.
 G = Mean time per level.
                   A        B        C        D        E       F      G
               +--------+--------+--------+--------+--------+-----+--------+
         Total |     57 |     57 |      0 |      0 |     36 |   1 |   57.0 |
       Dungeon |     57 |     57 |      0 |      0 |     36 |   1 |   57.0 |
               +--------+--------+--------+--------+--------+-----+--------+

Top non-repeatable levels by time:
     D:1: 57 daAuts
